AoeStats
← greidermq

Enclosed

503860883Analyzed
2v2 RM · 28d ago on Sep 2, 2026· 61m 19s· 4 players
Game mode
Random Map
Map size
Medium (4 player)
Population
200
Speed
Normal
Resources
Standard
Victory
Conquest
Starting age
Dark Age
Ending age
Imperial Age
RankedLock teamsTeams togetherTeam positionsShared explorationLock speedFull tech treeHidden civsTurbo modeCheats
Victory
Defeat
🇫🇷 Koreans · France
829
+17
🇷🇺 Cumans · Russia
763
+20
🇨🇴 Cumans · Colombia
852
-38
🇦🇷 Saracens · Argentina
839
-18
KraKenn63
5:43 Loom
11:27 Feudal Age
14:14 Wheelbarrow
13:24 Town Watch
17:18 Double-Bit Axe
17:19 Horse Collar
18:11 Fletching
22:50 Castle Age
22:53 Crossbowman
24:04 Bodkin Arrow
25:37 Town Patrol
27:35 Forging
28:35 Bow Saw
29:34 Pikeman
29:58 Light Cavalry
32:27 Hand Cart
36:23 Thumb Ring
36:59 Iron Casting
36:37 Scale Barding Armor
39:56 Imperial Age
40:10 Arbalester
41:06 Bracer
41:28 Chain Barding Armor
40:52 Hussar
46:27 Husbandry
55:09 Ballistics
54:44 Elite War Wagon
56:17 Scale Mail Armor
A V A N G A R D
3:27 Loom
10:46 Feudal Age
13:51 Double-Bit Axe
14:52 Man-at-Arms
15:36 Horse Collar
17:42 Wheelbarrow
19:23 Forging
20:27 Town Watch
24:33 Gold Mining
27:05 Castle Age
25:27 Stone Mining
26:31 Scale Mail Armor
26:59 Arson
27:09 Capped Ram
28:23 Heavy Plow
28:29 Long Swordsman
30:10 Gold Shaft Mining
30:28 Bow Saw
32:35 Iron Casting
32:16 Chain Mail Armor
33:51 Hand Cart
35:52 Pikeman
36:54 Scale Barding Armor
39:40 Squires
44:27 Imperial Age
42:21 Steppe Husbandry
43:41 Town Patrol
43:44 Murder Holes
47:12 Ballistics
47:53 Crop Rotation
48:01 Halberdier
49:41 Ballistics
49:32 Masonry
48:47 Cavalier
50:22 Cavalier
53:06 Two-Man Saw
51:55 Elite Kipchak
53:03 Conscription
55:25 Blast Furnace
54:56 Plate Mail Armor
54:44 Paladin
56:53 Elite Kipchak
58:23 Crossbowman
greidermq
10:52 Feudal Age
11:55 Double-Bit Axe
11:52 Horse Collar
14:59 Wheelbarrow
18:27 Forging
18:45 Scale Mail Armor
18:11 Man-at-Arms
20:46 Arson
23:20 Gold Mining
25:42 Scale Barding Armor
25:50 Town Watch
30:32 Castle Age
33:07 Loom
42:54 Imperial Age
41:19 Hand Cart
42:37 Bow Saw
44:41 Crossbowman
45:00 Cavalier
48:45 Paladin
52:06 Iron Casting
51:47 Chain Mail Armor
51:55 Chain Barding Armor
51:28 Fletching
51:38 Padded Archer Armor
51:48 Caravan
53:01 Town Patrol
53:29 Ballistics
53:42 Thumb Ring
54:47 Devotion
55:07 Fervor
55:01 Herbal Medicine
56:12 Blast Furnace
55:40 Steppe Husbandry
56:03 Loom
59:17 Pikeman
emanuelvicente14
12:16 Feudal Age
14:18 Man-at-Arms
18:26 Wheelbarrow
25:03 Castle Age
22:53 Double-Bit Axe
22:56 Horse Collar
24:42 Stone Mining
24:43 Gold Mining
33:33 Hand Cart
36:57 Gold Shaft Mining
39:19 Imperial Age
37:00 Elite Skirmisher
40:16 Thumb Ring
41:38 Parthian Tactics
41:29 Forging
41:25 Scale Barding Armor
41:21 Padded Archer Armor
41:21 Scale Mail Armor
41:11 Fletching
42:12 Conscription
41:15 Elite Mameluke
42:17 Heavy Plow
42:30 Bow Saw
45:12 Chemistry
46:58 Husbandry
48:00 Ballistics
47:37 Murder Holes
47:50 Siege Engineers
48:08 Chain Mail Armor
55:48 Leather Archer Armor
58:58 Ring Archer Armor
59:06 Chain Barding Armor
Connection lost

Rejoining the realm…

Still unreachable

The connection could not be restored.

Session expired

The server has moved on; the page needs a fresh start.